 Dungeon Crawl Stone Soup version 0.29-a0-378-gc08b2e8bf8 (webtiles) character file.

Game seed: 11049776373461976990

4468 jlumianski the Cleaver (level 10, -5/76 HPs)
             Began as a Demonspawn Fighter on May 4, 2022.
             Was an Initiate of Qazlal.
             Slain by a merfolk
             ... wielding a +0 trident
             ... led by the fury of Okawaru
              (14 damage)
             ... on level 8 of the Dungeon.
             The game lasted 00:32:44 (8152 turns).

jlumianski the Cleaver (Demonspawn Fighter)         Turns: 8152, Time: 00:32:47

Health: -5/76      AC: 19    Str: 20    XL:     10   Next: 15%
Magic:  0/5        EV: 12    Int:  9    God:    Qazlal [......]
Gold:   492        SH:  0    Dex: 14    Spells: 9/9 levels left

rFire   . . .      SeeInvis .   o - +8 Wrath of Trog {antimagic, *Rage Rampage}
rCold   . . .      Faith    .   (shield currently unavailable)
rNeg    . . .      Spirit   +   n - +0 chain mail
rPois   .          Reflect  .   v - +0 helmet
rElec   .          Harm     .   B - +0 cloak
rCorr   +          Rampage  +   j - +2 pair of gloves
Will    .....      Rage     50% e - +2 pair of boots
Stlth   ..........              D - amulet of guardian spirit
HPRegen 0.22/turn               r - +4 ring of evasion
MPRegen 0.09/turn               s - ring of resist corrosion

@: no status effects
A: foul stench 2, demonic magic 2, thin skeletal structure 1, dopey 1, wild
magic 1
a: Renounce Religion


You were on level 8 of the Dungeon.
You worshipped Qazlal.
Qazlal was noncommittal.
You visited 2 branches of the dungeon, and saw 10 of its levels.

You collected 492 gold pieces.

Inventory:

Hand Weapons
 a - a +1 war axe
 i - the +6 hand axe of the Vendetta {flame, Stlth+}
   (You found it on level 2 of the Dungeon)

   It burns those it strikes, dealing additional fire damage.
   Big, fiery blades are also staple armaments of hydra-hunters.
   Stlth:     It makes you more stealthy.
 o - the +8 Wrath of Trog (weapon) {antimagic, *Rage Rampage}
   (You acquired it on level 4 of the Dungeon)

   It reduces the magical energy of the wielder, and disrupts the spells and
   magical abilities of those it strikes.
   Natural abilities and divine invocations are not affected.
   It causes slowness and exhaustion when equipped.
   It extends the wielder's berserk rage when killing foes.
   *Rage:     It berserks you when you make melee attacks (+50% chance).
   Rampage:   It bestows one free step when moving towards enemies.
 E - a +3 quarterstaff of chaos
 G - a +1 glaive of flaming
 J - a +2 flail of protection
 O - a +2 whip of freezing
Missiles
 g - 21 poisoned darts (quivered)
 h - 113 stones
 C - 2 throwing nets
 F - 3 boomerangs
 K - 2 curare-tipped darts
Armour
 b - a +0 scale mail
 c - a +0 buckler
 e - a +2 pair of boots (worn)
 j - a +2 pair of gloves (worn)
 n - a +0 chain mail (worn)
 v - a +0 helmet (worn)
 B - a +0 cloak (worn)
Jewellery
 r - a +4 ring of evasion (left hand)
 s - a ring of resist corrosion (right hand)
 D - an amulet of guardian spirit (around neck)
 Q - the ring of the Duke {Fly rCorr Str+5}
   (You found it on level 8 of the Dungeon)

   [ring of flight]

   Str:       It affects your strength (+5).
   Fly:       It grants you flight.
   rCorr:     It protects you from acid and corrosion.
Wands
 d - a wand of iceblast (24)
 t - a wand of polymorph (14)
 R - a wand of flame (13)
 T - a wand of paralysis (10)
Scrolls
 l - 2 scrolls of teleportation
 m - 3 scrolls of silence
 p - 5 scrolls of fear
 q - a scroll of amnesia
 w - 2 scrolls of blinking
 y - a scroll of vulnerability
 z - a scroll of torment
 H - a scroll of brand weapon
 P - a scroll of fog
 S - a scroll of enchant weapon
Potions
 f - 2 potions of attraction
 k - a potion of flight
 u - 5 potions of curing
 x - a potion of lignification
 A - a potion of mutation
 I - a potion of cancellation
 L - a potion of might
 M - a potion of resistance
 N - a potion of brilliance


   Skills:
 + Level 5.7 Fighting
 + Level 9.3 Axes
 + Level 0.3 Throwing
 + Level 6.0 Armour
 + Level 2.6 Dodging
 + Level 1.8 Stealth
 + Level 3.3 Shields
 * Level 8.1 Invocations
 * Level 1.4 Evocations


You had 9 spell levels left.
You didn't know any spells.
Your spell library contained the following spells:

 Spells                   Type           Power      Damage    Failure   Level
 Corpse Rot               Necr/Air       0%         N/A       100%        2
 Poisonous Vapours        Pois/Air       0%         N/A       100%        2


Dungeon Overview and Level Annotations

Branches:
Dungeon (9/15)             Temple (1/1) D:4            Lair (0/6) D:9
    Orc: D:9-12

Altars:
Ashenzari
Cheibriados
Dithmenos
Fedhas
Gozag
Hepliaklqana
Makhleb
Okawaru
Qazlal
Sif Muna
Trog
Uskayaw
Vehumet
Wu Jian
Xom
Zin
The Shining One

Shops:
D:4 :


Innate Abilities, Weirdness & Mutations

You sometimes emit foul miasma when damaged in melee.
Spells you cast may paralyse nearby enemies.
You have a somewhat thin skeletal structure. (Dex +2, Stealth+)
You are dopey. (Int -2)
Your spells are a little harder to cast, but a little more powerful.


Message History

The merfolk is almost dead.
The merfolk misses you.
You slice the merfolk!!
You feel the ancient rage of your axe.
You kill the merfolk!
That felt strangely unrewarding.
Unknown command.
You feel a strong urge to attack something.
There is a stone staircase leading down, spattered with blood here.
You start resting.
You feel your anger nearly subside.
You are no longer berserk.
You are exhausted.
You feel yourself slow down.
You start resting.
Magic restored.
You start resting.
You feel yourself speed up.
You start resting.
You recover from your berserk rage.
You start resting.
HP restored.
You climb downwards.
The merfolk javelineer throws a javelin.
The javelin pierces through you!
The merfolk throws a boomerang.
The boomerang hits you!
The merfolk javelineer throws a javelin.
The javelin pierces through you.
There is a stone staircase leading up, spattered with blood here.
You rampage towards the merfolk!
You barely miss the merfolk.
The merfolk shouts!
The merfolk hits you with a +0 trident.
The merfolk javelineer throws a javelin.
The javelin pierces through you but does no damage.
The merfolk hits you with a +0 trident!
You emit a cloud of foul miasma!
The merfolk hits you from afar with a +0 trident!
The merfolk javelineer throws a javelin.
The javelin pierces through you!
* * * LOW HITPOINT WARNING * * *
The merfolk is engulfed in dark miasma.
The merfolk is poisoned.
The merfolk hits you with a +0 trident!
You die...

####### ##### #. ...5..# ## #..<#
#. #####.### .###### ####m### #.
#.m.# .#....# #.....## #.
#######m# .#.##.# #......###.
....mm#m######.#@##.###m.....##m.
#..m.mm)......m##..........##..
#m#.#m#####...mm...##########..
#.#mm....m.#.###.#....#......
.#.######...#.#..[#.##.#.#####
..........................<.m.
##.####.##......#.#.##.......#
#.####.###.#.....#.##.....m.#
.#......###.#####....#.......#


You could see a merfolk javelineer and 3 merfolk.

Vanquished Creatures
  Pikel (D:8)
  An elephant (D:9)
  Joseph (D:8)
  2 merfolk
  2 water moccasins
  2 ice beasts (D:7)
  7 black bears
  2 ogres
  A centaur (D:6)
  2 lemures (D:8)
  3 kobold brigands
  2 bullfrogs
  2 necrophages
  2 scorpions
  5 wights (D:6)
  9 killer bees
  4 howler monkeys
  2 hounds
  A gnoll shaman (D:6)
  2 jellies
  3 orc priests
  Ijyb (D:3)
  Crazy Yiuf (D:5)
  4 iguanas
  2 orc wizards (D:5)
  4 gnolls
  3 adders
  3 white imps
  An ufetubus (D:7)
  3 worms (D:2)
  3 dart slugs
  27 orcs
  2 bats
  2 endoplasms
  2 giant cockroaches
  6 goblins
  5 hobgoblins
  6 jackals
  3 quokkas (D:1)
  7 ball pythons
  9 frilled lizards
  13 kobolds
  2 rats
165 creatures vanquished.

Vanquished Creatures (others)
  2 fungi (D:9)
  2 plants (D:9)
4 creatures vanquished.

Grand Total: 169 creatures vanquished

Notes
Turn   | Place    | Note
-------+----------+-------------------------------------------
     0 | D:1      | jlumianski the Demonspawn Fighter began the quest for the
                  | Orb.
     0 | D:1      | Reached XP level 1. HP: 18/18 MP: 1/1
   381 | D:1      | Gained mutation: You may rarely emit foul miasma when
                  | damaged in melee. [demonic ancestry]
   381 | D:1      | Reached XP level 2. HP: 24/24 MP: 2/2
   402 | D:1      | Reached skill level 2 in Axes
   502 | D:1      | Gained mutation: Your spells are a little harder to cast,
                  | but a little more powerful. [potion of mutation]
   502 | D:1      | Gained mutation: You have a pair of small antennae on your
                  | head. [potion of mutation]
   502 | D:1      | Gained mutation: You are weak. (Str -2) [potion of
                  | mutation]
   522 | D:1      | Lost mutation: You have a pair of small antennae on your
                  | head. [potion of mutation]
   522 | D:1      | Lost mutation: Your spells are a little harder to cast, but
                  | a little more powerful. [potion of mutation]
   522 | D:1      | Gained mutation: You are agile. (Dex +2) [potion of
                  | mutation]
   522 | D:1      | Gained mutation: You are dopey. (Int -2) [potion of
                  | mutation]
  1126 | D:2      | Reached XP level 3. HP: 29/29 MP: 3/3
  1169 | D:2      | Identified the +6 hand axe of the Vendetta {flame, Stlth+}
  2287 | D:3      | Noticed Ijyb
  2311 | D:3      | Killed Ijyb
  2312 | D:3      | Gained mutation: You sometimes emit foul miasma when
                  | damaged in melee. [demonic ancestry]
  2312 | D:3      | Reached XP level 4. HP: 30/35 MP: 4/4
  2516 | D:3      | Reached skill level 3 in Axes
  2588 | D:4      | Reached skill level 1 in Dodging
  2803 | D:3      | Found a faded altar of an unknown god.
  2912 | D:3      | Found a radiant altar of Vehumet.
  3402 | D:4      | Found Pedal's Book Boutique.
  3422 | D:4      | Found a staircase to the Ecumenical Temple.
  3425 | D:4      | Gained mutation: Spells you cast may paralyse adjacent
                  | enemies. [demonic ancestry]
  3425 | D:4      | Reached XP level 5. HP: 41/41 MP: 5/5
  3436 | Temple   | Entered the Ecumenical Temple
  3523 | Temple   | Became a worshipper of Warmaster Okawaru
  3599 | D:4      | Found a shimmering altar of Xom.
  3887 | D:4      | Identified a scroll of acquirement
  3888 | D:4      | Acquired the +8 Wrath of Trog {antimagic, *Rage Rampage}
  3888 | D:4      | Found the +8 Wrath of Trog {antimagic, *Rage Rampage}
  4020 | D:5      | Entered Level 5 of the Dungeon
  4053 | D:5      | Reached skill level 1 in Invocations
  4155 | D:5      | Lost mutation: You are agile. (Dex +2) [potion of mutation]
  4155 | D:5      | Lost mutation: You are weak. (Str -2) [potion of mutation]
  4155 | D:5      | Gained mutation: You have a somewhat thin skeletal
                  | structure. (Dex +2, Stealth+) [potion of mutation]
  4155 | D:5      | Gained mutation: Your spells are a little harder to cast,
                  | but a little more powerful. [potion of mutation]
  4171 | D:5      | Noticed a black bear
  4172 | D:5      | Noticed a black bear
  4179 | D:5      | Killed a black bear
  4179 | D:5      | Reached * piety under Okawaru
  4180 | D:5      | Gained mutation: Spells you cast may paralyse nearby
                  | enemies. [demonic ancestry]
  4180 | D:5      | Reached XP level 6. HP: 34/48 MP: 2/7
  4182 | D:5      | Reached skill level 4 in Axes
  4496 | D:5      | Reached XP level 7. HP: 39/53 MP: 3/9
  4671 | D:5      | Found a runed translucent door.
  4672 | D:5      | Noticed Crazy Yiuf
  4765 | D:5      | Reached ** piety under Okawaru
  5005 | D:5      | Found a shimmering blue altar of Sif Muna.
  5148 | D:5      | Reached skill level 5 in Axes
  5204 | D:5      | Found a bloodstained altar of Trog.
  5507 | D:5      | Killed Crazy Yiuf
  5588 | D:5      | Reached XP level 8. HP: 60/60 MP: 3/11
  5600 | D:6      | Reached skill level 5 in Invocations
  5720 | D:6      | Reached skill level 6 in Axes
  5731 | D:6      | Reached skill level 5 in Armour
  5797 | D:6      | Reached *** piety under Okawaru
  6017 | D:6      | Reached skill level 5 in Fighting
  6021 | D:6      | Reached skill level 7 in Axes
  6189 | D:6      | Reached XP level 9. HP: 68/68 MP: 4/13
  6744 | D:7      | Reached skill level 1 in Stealth
  6750 | D:7      | Reached **** piety under Okawaru
  7017 | D:8      | Noticed Pikel
  7037 | D:8      | Killed Pikel
  7038 | D:8      | Reached skill level 8 in Axes
  7219 | D:8      | Identified the ring of the Duke {Fly rCorr Str+5}
  7303 | D:8      | Found a stormy altar of Qazlal.
  7321 | D:8      | Fell from the grace of Okawaru
  7321 | D:8      | Became a worshipper of Qazlal Stormbringer
  7481 | D:8      | Noticed Joseph
  7488 | D:8      | Killed Joseph
  7489 | D:8      | Reached skill level 1 in Evocations
  7489 | D:8      | Reached XP level 10. HP: 76/76 MP: 3/15
  7491 | D:8      | Reached skill level 9 in Axes
  7509 | D:8      | Noticed a merfolk javelineer
  7509 | D:8      | Noticed a merfolk impaler
  7509 | D:8      | Noticed a merfolk javelineer
  7702 | D:9      | Found a staircase to the Lair.
  7702 | D:9      | Noticed an elephant
  7715 | D:9      | Killed an elephant
  8152 | D:8      | Slain by a merfolk

Illustrated notes

Levels and vault maps discovered:
D:1:      minmay_arrival_stone_box, layout_basic
D:2:      layout_rooms, minmay_lizard_pond
D:3:      layout_loops_corners, mainiacjoe_overflow_tiny_flanked,
          hellmonk_ecumenical_altar_heavens_door, kennysheep_cluttered_room,
          uniq_ijyb
D:4:      layout_loops_cross, kennysheep_little_box, temple_statues,
          serial_shops, shop, hangedman_decor_riveting
D:5:      layout_gridville, lightli_temple_of_fire, general_overflow_altar,
          uniq_crazy_yiuf_cottage
D:6:      minmay_inner_zag, layout_basic, chequers_serial_rivers_micro_e,
          grunt_decor_fettered
D:7:      layout_rooms
D:8:      layout_basic, mainiacjoe_overflow_small_starburst, minmay_holes,
          uniq_pikel, uniq_joseph
D:9:      layout_basic, gammafunk_temple_overflow_elements, david_lair_generic,
          serial_shops, nicolae_shop_waterfront, grunt_decor_arrowhead,
          uniq_prince_ribbit1
Temple:   minmay_temple_bridge_abc

Skill      XL: |  1  2  3  4  5  6  7  8  9 10 |
---------------+-------------------------------+-----
Shields        | 3 |  3.3
Axes           | 2 3 4 5 7 8 9 |  9.3
Armour         | 3 4 5 6 |  6.0
Dodging        | 1 2 |  2.6
Invocations    | 2 3 4 6 7 8 |  8.1
Fighting       | 4 5 |  5.7
Stealth        | 1 |  1.8
Evocations     | 1 |  1.4
Throwing       | |  0.3

Action                   |  1- 3 |  4- 6 |  7- 9 | 10-12 || total
-------------------------+-------+-------+-------+-------++-------
Melee: War axe           |    62 |       |       |       ||    62
       Hand axe          |    77 |    33 |       |       ||   110
       Battleaxe         |       |    25 |   158 |    34 ||   217
Throw: Dart              |       |     2 |       |       ||     2
  Use: Scroll            |    11 |     4 |     6 |     1 ||    22
       Potion            |     8 |     1 |       |       ||     9
Armor: Scale mail        |    66 |       |       |       ||    66
       Chain mail        |       |    55 |   140 |    14 ||   209
Dodge: Dodged            |    82 |    35 |   143 |    16 ||   276
Block: Buckler           |    26 |     4 |       |       ||    30

Table legend: (Time is in decaauts)
 A = Elapsed time spent in this place.
 B = Non-inter-level travel time spent in this place.
 C = Inter-level travel time spent in this place.
 D = Time resting spent in this place.
 E = Time spent auto-exploring this place.
 F = Levels seen in this place.
 G = Mean time per level.
                   A        B        C        D        E       F      G
               +--------+--------+--------+--------+--------+-----+--------+
         Total |   8566 |   8420 |    146 |   1080 |   4960 |  10 |  856.6 |
       Dungeon |   8435 |   8289 |    146 |   1080 |   4916 |   9 |  937.2 |
        Temple |    130 |    130 |      0 |      0 |     44 |   1 |  130.0 |
               +--------+--------+--------+--------+--------+-----+--------+

Top non-repeatable levels by time:
     D:5: 1825 daAuts
     D:3: 1223 daAuts
     D:4: 1089 daAuts
     D:1: 1067 daAuts
     D:8: 851 daAuts
     D:6: 834 daAuts
     D:7: 791 daAuts
     D:2: 592 daAuts
     D:9: 159 daAuts
  Temple: 130 daAuts
